 Dungeon Crawl Stone Soup version 0.21.0-25-ge575cb9ce8 (webtiles) character file.

785 Peloso the Slasher (level 7, 0/62 HPs)
             Began as a Minotaur Fighter on Jan 23, 2018.
             Slain by an orc
             ... wielding a +0 flail
              (2 damage)
             ... on level 4 of the Dungeon.
             The game lasted 00:06:29 (2688 turns).

Peloso the Slasher (Minotaur Fighter)               Turns: 2688, Time: 00:06:30

Health: 0/62       AC:  6    Str: 21      XL:     7   Next: 56%
Magic:  6/6        EV:  5    Int:  5      God:
Gold:   219        SH:  9    Dex:  9 (11) Spells: 6/6 levels left

rFire    x . .     SeeInvis .   a - +0 long sword
rCold    + . .     Gourm    .   c - +0 shield
rNeg     . . .     Faith    .   w - +0 chain mail
rPois    .         Spirit   .   (helmet restricted)
rElec    .         Reflect  .   (no cloak)
rCorr    .         Harm     .   (no gloves)
MR       .....                  (no boots)
Stlth    ..........             (no amulet)
HPRegen  0.20/turn              o - -3 ring of protection (curse)
MPRegen  0.10/turn              u - ring of ice

@: heavily drained
A: retaliatory headbutt, horns 2
a: no special abilities


You were on level 4 of the Dungeon.
You were not hungry.

You visited 1 branch of the dungeon, and saw 4 of its levels.

You collected 219 gold pieces.

Inventory:

Hand Weapons
 a - a +0 long sword (weapon)
Armour
 b - a +0 scale mail
 c - a +0 shield (worn)
 w - a +0 chain mail (worn)
Jewellery
 o - a cursed -3 ring of protection (left hand)
 r - an uncursed ring of protection from fire
 u - a ring of ice (right hand)
Scrolls
 d - 2 scrolls of remove curse {unknown}
 g - 4 scrolls of identify {unknown}
 h - 2 scrolls of enchant weapon {unknown}
 i - 4 scrolls of teleportation {unknown}
 j - a scroll of noise {unknown}
 k - a scroll of blinking {unknown}
 s - 3 scrolls of fog {unknown}
 y - a scroll of fear {unknown}
Potions
 e - a potion of heal wounds {unknown}
 l - 2 potions of ambrosia {unknown}
 m - a potion of berserk rage {unknown}
 n - 2 potions of brilliance {unknown}
 p - a potion of lignification {unknown}
 q - a potion of degeneration {unknown}
 t - 2 potions of cancellation {unknown}
 v - 2 potions of curing {unknown}
Comestibles
 f - 5 rations
 x - 5 chunks of flesh


   Skills:
 + Level 5.7(3.2) Fighting
 + Level 6.0(3.5) Long Blades
 + Level 5.9(3.3) Armour
 + Level 2.5(0.2) Dodging
 + Level 0.3(0.0) Stealth
 + Level 5.7(3.2) Shields


You had 6 spell levels left.
You didn't know any spells.

Dungeon Overview and Level Annotations

Branches:
Dungeon (4/15)
 Temple: D:4-7

Altars:
Vehumet


Innate Abilities, Weirdness & Mutations

You reflexively headbutt those who attack you in melee.
You have a pair of horns on your head.


Message History

You barely miss something. You headbutt something.
Reactivating autopickup.
You feel a bit more experienced.
You hear some strange, mumbled words.
Deactivating autopickup; reactivate with Ctrl-A.
Something tries to affect you, but you resist.
You hear some strange, mumbled words.
Something tries to affect you, but you resist.
You block the orc's attack.
You closely miss the orc.
An orc wizard appears from thin air!
Reactivating autopickup.
The orc wizard barely misses you. The orc hits you but does no damage.
Unknown command.
You hit the orc wizard. Your headbutt misses the orc wizard.
The orc wizard is moderately wounded.
The orc wizard casts a spell at you. The puff of flame hits you!
The fire burns you terribly!
* * * LOW HITPOINT WARNING * * *
The orc hits you with a flail.
You die...

#..###########<
#..#####.......
#..##>......##.
###..##.##.##.##.
#.........÷##....
###.#..##[##....##.
##...#...#.##†##.##. .#.##
#.o#####...[..O.....
...%..###)o@.#...#.####.####
#....)...##.#.###.# ##.##
###########.......# #...#
#...<.....##### #...#
#.#####.#.# #...###
######.#####.#.# #......
#).....##......#######...###
#......##.##)####...........
#......##.##................


You could see an orc wizard and an orc.

Vanquished Creatures
  The ghost of VanClaymore the Poker, an amateur MfGl of Hepliaklqana (D:4)
  An ogre (D:4)
  A scorpion (D:4)
  A quasit (D:4)
  3 orc priests
  3 orc wizards (D:4)
  A bullfrog skeleton (D:4)
  Terence (D:2)
  A worker ant (D:4)
  10 adders
  An ooze (D:1)
  An adder zombie (D:2)
  An adder skeleton (D:2)
  A dart slug (D:1)
  2 leopard geckos
  8 orcs
  4 giant cockroaches
  9 hobgoblins
  8 jackals
  A quokka (D:3)
  2 ball pythons
  4 bats
  5 frilled lizards
  13 goblins
  6 kobolds
  A leopard gecko zombie (D:2)
  12 rats
102 creatures vanquished.

Notes
Turn   | Place    | Note
-------+----------+-------------------------------------------
     0 | D:1      | Peloso the Minotaur Fighter began the quest for the Orb.
     0 | D:1      | Reached XP level 1. HP: 19/19 MP: 0/0
   107 | D:1      | Reached XP level 2. HP: 21/27 MP: 1/1
   521 | D:1      | Reached XP level 3. HP: 33/33 MP: 2/2
   756 | D:2      | Found a faded altar of an unknown god.
   760 | D:2      | Reached skill level 3 in Long Blades
   802 | D:2      | Reached XP level 4. HP: 39/40 MP: 3/3
   820 | D:2      | Noticed Terence
   832 | D:2      | Killed Terence
   941 | D:2      | You fall through a shaft for 2 floors!
   956 | D:4      | Reached XP level 5. HP: 33/47 MP: 4/4
   969 | D:4      | Reached skill level 4 in Long Blades
   969 | D:4      | Reached skill level 1 in Dodging
  1098 | D:4      | Noticed VanClaymore's ghost (amateur MfGl)
  1112 | D:4      | Killed VanClaymore's ghost
  1112 | D:4      | Reached skill level 5 in Fighting
  1112 | D:4      | Reached skill level 5 in Armour
  1112 | D:4      | Reached skill level 5 in Shields
  1112 | D:4      | Reached XP level 6. HP: 29/56 MP: 5/5
  1194 | D:3      | Reached skill level 5 in Long Blades
  2106 | D:3      | Reached XP level 7. HP: 26/61 MP: 6/6
  2639 | D:4      | Found a radiant altar of Vehumet.
  2663 | D:4      | Reached skill level 6 in Long Blades
  2688 | D:4      | HP: 2/62 [orc wizard/puff of flame (15)]
  2688 | D:4      | Slain by an orc

Skill      XL: |  1  2  3  4  5  6  7 |
---------------+----------------------+-----
Shields        | 4 5 |  5.7
Fighting       | 4 5 |  5.7
Armour         | 4 5 |  5.9
Long Blades    | 3 4 5 6 |  6.0
Dodging        | 1 2 |  2.5
Stealth        | |  0.3

Action                   |  1- 3 |  4- 6 |  7- 9 || total
-------------------------+-------+-------+-------++-------
Melee: Long sword        |    74 |   130 |    59 ||   263
       Headbutt          |    13 |    24 |    12 ||    49
  Use: Potion            |       |     1 |       ||     1
  Eat: Chunk             |       |     4 |     2 ||     6
Armor: Scale mail        |    37 |    37 |       ||    74
       Chain mail        |       |     4 |    45 ||    49
Dodge: Dodged            |    41 |    44 |    16 ||   101
Block: Shield            |    57 |    67 |    34 ||   158
       Rpst.: Long sword |    12 |    10 |     4 ||    26
